 Dungeon Crawl Stone Soup version 0.20-a0-830-g2c9a30d (webtiles) character file.

22 M4edhros the Sneak (level 2, -13/18 HPs)
             Began as an Octopode Artificer on Mar 7, 2017.
             Mangled by a worm (22 damage)
             ... on level 3 of the Dungeon.
             The game lasted 00:00:38 (571 turns).

M4edhros the Sneak (Octopode Artificer)              Turns: 571, Time: 00:00:39

Health: -13/18     AC:  1    Str: 11    XL:     2   Next: 91%
Magic:  4/4        EV: 13    Int: 13    God:
Gold:   53         SH:  0    Dex: 12    Spells: 1/1 levels left

rFire    . . .     SeeInvis .   a - +0 short sword
rCold    . . .     Gourm    .   (no shield)
rNeg     . . .     Faith    .   (helmet restricted)
rPois    .         Spirit   .   (no amulet)
rElec    .         Reflect  .   (no ring)
rCorr    .         Harm     .   (no ring)
MR       .....                  (no ring)
Stlth    +.........             (no ring)
Regen    0.1/turn               (no ring)
MPRegen  0.1/turn               (no ring)
                                (no ring)
                                (no ring)

@: confused, sleeping, glowing
A: almost no armour, stealthy swim, amphibious, 8 rings, constrict 8, camouflage
1, gelatinous body 1
a: no special abilities


You were on level 3 of the Dungeon.
You were not hungry.

You visited 1 branch of the dungeon, and saw 3 of its levels.

You collected 53 gold pieces.

Inventory:

Hand Weapons
 a - a +0 short sword (weapon)
Wands
 b - a wand of flame (13/48)
 c - a wand of enslavement (15/24)
 d - a wand of random effects (15/48)
Scrolls
 g - a scroll of immolation {unknown}
 h - 2 scrolls of identify {unknown}
Comestibles
 f - a bread ration


   Skills:
 - Level 1.0 Fighting
 - Level 1.0 Short Blades
 - Level 2.0 Dodging
 + Level 4.0 Stealth
 - Level 3.2 Evocations


You had one spell level left.
You didn't know any spells.

Dungeon Overview and Level Annotations

Branches:
Dungeon (3/15)

Altars:
Uskayaw

Annotations:
D:2 Robin
D:3 Bleys's ghost, amateur SpEn


Innate Abilities, Weirdness & Mutations

You cannot wear most types of armour.
You are very stealthy in the water. (Stealth+)
You are amphibious.
You can wear up to eight rings at the same time.
You can use your tentacles to constrict eight enemies at once.
Your skin changes colour to match your surroundings (Stealth+).
Your rubbery body absorbs attacks. (AC +1, EV +1)


Message History

You closely miss Bleys's ghost.
Bleys's ghost is heavily damaged.
Bleys's ghost hits you but does no damage.
You're too confused to move!
Bleys's ghost screams, "I'll kill anyone who wants the ORB!"
Bleys's ghost closely misses you.
The kobold throws a stone.
The stone misses you. Bleys's ghost hits you. Bleys's ghost hits you.
You closely miss Bleys's ghost. Your squeeze misses Bleys's ghost.
Bleys's ghost is moderately damaged.
Bleys's ghost hits you. The worm misses you. The kobold closely misses you.
Bleys's ghost hits you. The worm bites you.
You bump into the rock wall.
The kobold closely misses you. Bleys's ghost casts a spell at you.
You fall asleep.
You hear the slow rusting of a distant drain.
The kobold closely misses you. The worm bites you!!
Ouch! That really hurt!
You die...

##....# #.........
##...## #..........
#....# ##..........
##(...######............
.............#....>.....
..[...########..........
...[..### #..........
........# ##.Kw....#
....###.### #(.W@....#
##### #...###..####..#
###.##...# .# ###
#.....## ... #..###.#
... #...# #.# ... ...#..
#.# ... #.##### ..# .##
#. ..#


You could see a worm, Bleys's ghost and a kobold.

Vanquished Creatures
  An adder (D:3)
  2 ball pythons
  A bat (D:1)
  2 goblins
  3 hobgoblins
  A kobold (D:2)
  A frilled lizard (D:2)
  A rat (D:1)
12 creatures vanquished.

Notes
Turn   | Place    | Note
-------+----------+-------------------------------------------
     0 | D:1      | M4edhros the Octopode Artificer began the quest for the Orb.
     0 | D:1      | Reached XP level 1. HP: 13/13 MP: 3/3
    15 | D:1      | Reached skill level 2 in Stealth
    93 | D:1      | Reached skill level 3 in Stealth
    93 | D:1      | Reached XP level 2. HP: 18/18 MP: 4/4
   434 | D:2      | Noticed Robin
   516 | D:3      | Reached skill level 4 in Stealth
   533 | D:3      | Found a hide-covered altar of Uskayaw.
   556 | D:3      | Noticed Bleys's ghost (amateur SpEn)
   571 | D:3      | Mangled by a worm

Vault maps used:
D:1:      dpeg_arrival_ratfight
D:2:      uniq_crazy_yiuf_cottage, uniq_robin
D:3:      nicolae_overflow_hidden_temple, portal_sewer_entry_f, first_bread

Skill      XL: |  1  2 |
---------------+-------+-----
Stealth        | 3 4 |  4.0
Fighting       | |  1.0
Short Blades   | |  1.0
Dodging        | |  2.0
Evocations     | |  3.2

Action                   || total
-------------------------++-------
Melee: Short sword       ||    21
       Tentacles         ||     9
       Constrict         ||     8
Evoke: Wand              ||     2
  Use: Potion            ||     1
 Stab: Sleeping          ||     2
Armor: Skin              ||     4
Dodge: Dodged            ||    18
